 Dungeon Crawl Stone Soup version 0.30.1-11-g7821555f0a (webtiles) character file.

Game seed: 15380450150306086717

229 ChrisAssaf the Sneak (level 6, -2/42 HPs)
             Began as a Djinni Enchanter on Jan 4, 2024.
             Slain by a phantom (4 damage)
             ... on level 5 of the Dungeon.
             The game lasted 00:07:13 (1273 turns).

ChrisAssaf the Sneak (Djinni Enchanter)             Turns: 1273, Time: 00:07:13

Health: -2/42      AC:  4    Str:  7    XL:     6   Next: 23%
Gold:   93         EV: 13    Int: 19    God:
                   SH:  0    Dex: 13

rFire   + + .        e - +1 spear (venom)
rCold   x . .        (no shield)
rNeg    . . .        b - +0 robe
rPois   ∞            h - +2 hat
rElec   .            (no cloak)
rCorr   .            (no gloves)
SInv    .            (boots unavailable)
Will    .....        (no amulet)
Stlth   ++           (no ring)
HPRegen 0.27/turn    (no ring)
MPRegen 0.00/turn

%: infuse magic (-3 HP)
@: weakened, flying
A: sickness immunity, fire resistance 2, cold vulnerability 1, float, innate
caster, HP casting, extra vitality 1
a: no special abilities


You were on level 5 of the Dungeon.
You visited 1 branch of the dungeon, and saw 5 of its levels.

You collected 93 gold pieces.

Inventory:

Hand Weapons
 a - a +1 dagger of protection
 e - a +1 spear of venom (weapon)
Missiles
 k - 2 throwing nets
Armour
 b - a +0 robe (worn)
 h - a +2 hat (worn)
Potions
 c - 3 potions of invisibility
 f - a potion of heal wounds {unknown}
 i - a potion of degeneration {unknown}
 j - a potion of brilliance {unknown}


   Skills:
 * Level 1.4 Fighting
 * Level 1.7 Short Blades
 * Level 1.6 Polearms
 * Level 0.5 Throwing
 * Level 1.4 Armour
 * Level 3.1 Dodging
 * Level 3.1 Stealth
 * Level 3.0 Spellcasting


You knew the following spells:

 Your Spells              Type           Power      Damage    Failure   Level
a - Ensorcelled Hibernat  Hex/Ice        28%        N/A       6%          2
b - Confusing Touch       Hex            14%        N/A       13%         3
c - Tukima's Dance        Hex            14%        N/A       13%         3
d - Dazzling Flash        Conj/Hex       28%        N/A       13%         3
e - Kiss of Death         Conj/Necr      56%        2d9       4%          1
f - Call Imp              Summ           28%        N/A       6%          2
Your spell library was empty.

Dungeon Overview and Level Annotations

Branches:
Dungeon (5/15)
 Temple: D:4-7

Altars:
Trog
Zin

Shops:
D:1 [


Innate Abilities, Weirdness & Mutations

You are immune to sickness and miasma.
You are immune to poison.
Your flesh is very heat resistant. (rF++)
You are vulnerable to cold. (rC-)
You float through the air rather than walking.
You learn spells naturally, not from books.
Your magical power is your life essence.
You have superior vitality. (+4 MHP)


Message History

Your cerulean imp hits the phantom from afar with a -3 spear.
Casting: Call Imp (safe; 6% risk of failure)
Confirm with . or Enter, or press ? or * to list all spells.
Okay, then.
Casting: Call Imp (safe; 6% risk of failure)
Confirm with . or Enter, or press ? or * to list all spells.
Okay, then.
Casting: Call Imp (safe; 6% risk of failure)
Confirm with . or Enter, or press ? or * to list all spells.
Okay, then.
Unknown command.
You feel better.
The phantom hits you but does no damage.
Your cerulean imp barely misses the phantom.
You miss the phantom.
The phantom is moderately damaged.
The gnoll hits you from afar with a +0 spear.
The phantom hits you.
* * * LOW HITPOINT WARNING * * *
Your cerulean imp closely misses the phantom.
Unknown command.
You barely miss the phantom.
The phantom is moderately damaged.
The gnoll misses you. The phantom hits you.
* * * LOW HITPOINT WARNING * * *
The phantom blinks!
You blink.
The gnoll hits your cerulean imp with a +0 whip!
Unknown command.
The phantom attacks as you move away! The phantom barely misses you.
The gnoll bouda gazes fiercely through you!
You feel your attacks grow feeble.
The gnoll closely misses your cerulean imp.
The phantom attacks as you move away! The phantom hits you.
* * * LOW HITPOINT WARNING * * *
Your cerulean imp hits the phantom but does no damage.
The gnoll hits you from afar with a +0 spear.
* * * LOW HITPOINT WARNING * * *
The gnoll barely misses your cerulean imp.
The phantom attacks as you move away! The phantom hits you.
You die...

...........#....#.........
#...###...##...##...###..#
#######...##...##...###+###
........).................#
................g..g......#
)........:.......g.gg.....#
..................g5......#
..........................#
................@W........+
#...##....##...##########.#
#+####....##...# ##
.....#.....#....#
.....'.....#....#
.....#.....#....#
.....#.....#....+
.....#.<...# .....#.....#


You could see a phantom (ally target), a gnoll bouda, 5 gnolls and a friendly
cerulean imp (summoned).

Vanquished Creatures
  An ogre (D:5)
  A hound (D:5)
  3 gnolls (D:4)
  5 adders
  A dart slug (D:2)
  A giant cockroach (D:1)
  2 goblins
  3 hobgoblins
  4 quokkas (D:1)
  4 ball pythons
  2 bats (D:1)
  2 frilled lizards (D:1)
  4 kobolds
  3 rats
36 creatures vanquished.

Vanquished Creatures (collateral kills)
  A gnoll (D:4)
1 creature vanquished.

Grand Total: 37 creatures vanquished

Notes
Turn   | Place    | Note
-------+----------+-------------------------------------------
     0 | D:1      | ChrisAssaf the Djinni Enchanter began the quest for the
                  | Orb.
     0 | D:1      | ChrisAssaf set off with the following spells memorised:
                  | Ensorcelled Hibernation, Confusing Touch, Tukima's Dance,
                  | Dazzling Flash.
     0 | D:1      | Reached XP level 1. HP: 15/15 MP: 0/0
    48 | D:1      | Found Xoyly's Armour Shop.
    85 | D:1      | Reached XP level 2. HP: 17/21 MP: 0/0
   261 | D:1      | Reached skill level 1 in Short Blades
   350 | D:2      | Reached XP level 3. HP: 26/26 MP: 0/0
   350 | D:2      | Learned a level 1 spell: Kiss of Death
   481 | D:3      | Reached XP level 4. HP: 15/31 MP: 0/0
   712 | D:4      | Reached skill level 1 in Polearms
   804 | D:4      | Found a glowing silver altar of Zin.
   811 | D:4      | Found a bloodstained altar of Trog.
   857 | D:4      | Reached skill level 1 in Armour
   861 | D:4      | Reached skill level 1 in Fighting
   864 | D:4      | Reached XP level 5. HP: 34/37 MP: 0/0
   864 | D:4      | Learned a level 2 spell: Call Imp
   929 | D:5      | Entered Level 5 of the Dungeon
  1134 | D:5      | Noticed an ogre
  1155 | D:5      | Killed an ogre
  1156 | D:5      | Reached XP level 6. HP: 18/42 MP: 0/0
  1272 | D:5      | HP: 2/42 [gnoll/+0 spear[a gnoll bouda] (5)]
  1273 | D:5      | Slain by a phantom

Illustrated notes

Levels and vault maps discovered:
D:1:      dpeg_arrival_windows_large_door, layout_rooms, serial_shops, shop
D:2:      layout_basic, shapermc_ecumenical_altar_starsandcircs,
          minmay_fractal_squares_5, uniq_natasha
D:3:      layout_loops_cross, lemuel_zombie_altar_yredelemnul
D:4:      layout_loops_ring, mainiacjoe_overflow_catwalk_spiral
D:5:      layout_gridville

Skill      XL: |  1  2  3  4  5 |
---------------+----------------+-----
Short Blades   | 1 |  1.7
Polearms       | 1 |  1.6
Armour         | 1 |  1.4
Fighting       | 1 |  1.4
Stealth        | 3 |  3.1
Dodging        | 3 |  3.1
Spellcasting   | 3 |  3.0
Throwing       | |  0.5

Action                     |  1- 3 |  4- 6 || total
---------------------------+-------+-------++-------
  Melee: Spear             |    44 |    30 ||    74
         Punch             |     1 |     1 ||     2
         Dagger            |     1 |       ||     1
   Cast: Ensorcelled Hiber |     8 |     2 ||    10
         Confusing Touch   |     1 |     2 ||     3
         Tukima's Dance    |       |     3 ||     3
         Call Imp          |       |     1 ||     1
    Use: Scroll            |     4 |     1 ||     5
         Potion            |       |     3 ||     3
   Stab: Sleeping          |     6 |     2 ||     8
 Armour: Robe              |    18 |    14 ||    32
  Dodge: Dodged            |    64 |    38 ||   102
